TOP OF THE 1ST |
Xavier Musketeers batting - Pitching for Iowa Hawkeyes : RHP Román Peña
|
Pitching: RHP Román Peña
|
|
Batting: LHB Jim Hall
|
0-0: Foul Ball, location: 2F 0-1: Ball 1-1: Fly out, F8 (Flyball, 78M)
|
Batting: RHB Florentino López
|
0-0: Called Strike 0-1: Ball 1-1: Ball 2-1: SINGLE (Flyball, 89S)
|
Batting: LHB Freddy Torres
|
0-0: Foul Ball, location: 2F 0-1: Ball 1-1: Swinging Strike 1-2: Ball 2-2: Ball 3-2: SINGLE (Line Drive, 4MD) Florentino López to second
|
Batting: LHB Luis Martínez
|
0-0: Foul Ball, location: 2F 0-1: Ball 1-1: Ball 2-1: Fly out, F8 (Flyball, 8RS)
|
Batting: RHB Jeff Lawrence
|
0-0: Fielders Choice at 2nd, 6-4 (Groundball, 6)
|
Top of the 1st over - 0 run(s), 2 hit(s), 0 error(s), 1 left on base; Xavier 0 - Iowa 0 |
BOTTOM OF THE 1ST |
Iowa Hawkeyes batting - Pitching for Xavier Musketeers : RHP Garrett Bell
|
Pitching: RHP Garrett Bell
|
|
Batting: RHB Chris Boner
|
0-0: Called Strike 0-1: Called Strike 0-2: Ball 1-2: Strikes out looking
|
Batting: LHB Al Cramer
|
0-0: Ground out 5-3 (Groundball, 56)
|
Batting: RHB Stephen Spence
|
0-0: Called Strike 0-1: Swinging Strike 0-2: Ball 1-2: Foul Ball, location: 2F 1-2: Ball 2-2: Foul Ball, location: 2F 2-2: Foul Ball, location: 2F 2-2: Foul Ball, location: 2F 2-2: Strikes out looking
|
Bottom of the 1st over - 0 run(s), 0 hit(s), 0 error(s), 0 left on base; Xavier 0 - Iowa 0 |
TOP OF THE 2ND |
Xavier Musketeers batting - Pitching for Iowa Hawkeyes : RHP Román Peña
|
Batting: LHB Pancho Robles
|
0-0: Ball 1-0: Foul Ball, location: 2F 1-1: SOLO HOME RUN (Flyball, 89XD), Distance : 376 ft
|
Batting: RHB Les Rupp
|
0-0: Called Strike 0-1: Ball 1-1: Ball 2-1: Foul Ball, location: 2F 2-2: Foul Ball, location: 2F 2-2: Strikes out swinging
|
Batting: LHB Bobby Meegan
|
0-0: Ball 1-0: Called Strike 1-1: Ball 2-1: Foul Ball, location: 2F 2-2: Strikes out looking
|
Batting: RHB Bobby Doyle
|
0-0: Ball 1-0: Ball 2-0: Swinging Strike 2-1: Foul Ball, location: 2F 2-2: Strikes out swinging
|
Top of the 2nd over - 1 run(s), 1 hit(s), 0 error(s), 0 left on base; Xavier 1 - Iowa 0 |
BOTTOM OF THE 2ND |
Iowa Hawkeyes batting - Pitching for Xavier Musketeers : RHP Garrett Bell
|
Batting: RHB Jim Jones
|
0-0: Ground out 4-3 (Groundball, 4)
|
Batting: RHB Pedro Cuevas
|
0-0: Called Strike 0-1: Ball 1-1: Called Strike 1-2: Fly out, F9 (Flyball, 9LM)
|
Batting: LHB Jim Hutchinson
|
0-0: Ball 1-0: SINGLE (Groundball, 56D)
|
Batting: RHB Larry Davis
|
0-0: Ball 1-0: Called Strike 1-1: Swinging Strike 1-2: Foul Ball, location: 2F 1-2: SINGLE (Line Drive, 8LM) Jim Hutchinson to second
|
Batting: LHB Marcus Spencer
|
0-0: SINGLE (Groundball, 6D) Jim Hutchinson to third Larry Davis to second Runner from 3rd tries for Home, SAFE, no throw
|
Batting: LHB Jesús Torres
|
0-0: Swinging Strike 0-1: Foul Ball, location: 2F 0-2: Ball 1-2: Ball 2-2: Strikes out swinging
|
Bottom of the 2nd over - 1 run(s), 3 hit(s), 0 error(s), 2 left on base; Xavier 1 - Iowa 1 |
TOP OF THE 3RD |
Xavier Musketeers batting - Pitching for Iowa Hawkeyes : RHP Román Peña
|
Batting: LHB Jim Hall
|
0-0: Foul Ball, location: 2F 0-1: Ball 1-1: SINGLE (Line Drive, 34D)
|
Batting: RHB Florentino López
|
0-0: Ball 1-0: Foul Ball, location: 2F 1-1: Called Strike Jim Hall steals 2nd base 1-2: Foul Ball, location: 2F 1-2: Ground out 6-3 (Groundball, 6) Jim Hall to third
|
Batting: LHB Freddy Torres
|
0-0: Ball 1-0: Called Strike 1-1: 2-RUN HOME RUN (Flyball, 9D), Distance : 347 ft
|
Batting: LHB Luis Martínez
|
0-0: Called Strike 0-1: Ball 1-1: Swinging Strike 1-2: Ball 2-2: Ball 3-2: Strikes out looking
|
Batting: RHB Jeff Lawrence
|
0-0: Foul Ball, location: 2F 0-1: Ball 1-1: Ball 2-1: Swinging Strike 2-2: Foul Ball, location: 2F 2-2: Ball 3-2: Base on Balls
|
Batting: LHB Pancho Robles
|
0-0: Called Strike 0-1: Ball 1-1: Foul Ball, location: 2F 1-2: Ball 2-2: Ball 3-2: Base on Balls Jeff Lawrence to second
|
Batting: RHB Les Rupp
|
0-0: Swinging Strike 0-1: Ball 1-1: Fly out, F9 (Flyball, 89M)
|
Top of the 3rd over - 2 run(s), 2 hit(s), 0 error(s), 2 left on base; Xavier 3 - Iowa 1 |
BOTTOM OF THE 3RD |
Iowa Hawkeyes batting - Pitching for Xavier Musketeers : RHP Garrett Bell
|
Batting: RHB Chris Boner
|
0-0: Called Strike 0-1: Foul Ball, location: 2F 0-2: Ground out U3 (Groundball, 34)
|
Batting: LHB Al Cramer
|
0-0: Called Strike 0-1: Ball 1-1: Foul Ball, location: 2F 1-2: Ball 2-2: Foul Ball, location: 2F 2-2: Foul Ball, location: 2F 2-2: Foul Ball, location: 2F 2-2: Ball 3-2: Ground out U3 (Groundball, 34)
|
Batting: RHB Stephen Spence
|
0-0: Foul Ball, location: 2F 0-1: Ball 1-1: Ball 2-1: Foul Ball, location: 2F 2-2: Fly out, F9 (Flyball, 89S)
|
Bottom of the 3rd over - 0 run(s), 0 hit(s), 0 error(s), 0 left on base; Xavier 3 - Iowa 1 |
TOP OF THE 4TH |
Xavier Musketeers batting - Pitching for Iowa Hawkeyes : RHP Román Peña
|
Batting: LHB Bobby Meegan
|
0-0: Ball 1-0: Foul Ball, location: 2F 1-1: Ball 2-1: Swinging Strike 2-2: Ball 3-2: Hit by Pitch
|
Batting: RHB Bobby Doyle
|
0-0: Ball 1-0: Called Strike 1-1: Ball 2-1: Ball 3-1: Foul Ball, location: 2F 3-2: SINGLE (Line Drive, 56D) Bobby Meegan to second
|
Pitching: LHP Leonardo Canó
|
|
Batting: LHB Jim Hall
|
0-0: Called Strike 0-1: Swinging Strike 0-2: Ball 1-2: Ball 2-2: Strikes out swinging
|
Batting: RHB Florentino López
|
0-0: Ball 1-0: Swinging Strike 1-1: Swinging Strike 1-2: Ball 2-2: Ball 3-2: Strikes out looking
|
Batting: LHB Freddy Torres
|
0-0: Ball 1-0: Foul Ball, location: 2F 1-1: Foul Ball, location: 2F 1-2: Ground out 6-3 (Groundball, 56D)
|
Top of the 4th over - 0 run(s), 1 hit(s), 0 error(s), 2 left on base; Xavier 3 - Iowa 1 |
BOTTOM OF THE 4TH |
Iowa Hawkeyes batting - Pitching for Xavier Musketeers : RHP Garrett Bell
|
Batting: RHB Jim Jones
|
0-0: Foul Ball, location: 2F 0-1: Ball 1-1: SINGLE (Groundball, 34S) (infield hit)
|
Batting: RHB Pedro Cuevas
|
0-0: Ball 1-0: Called Strike 1-1: Ball 2-1: Ball 3-1: Base on Balls Jim Jones to second
|
Batting: LHB Jim Hutchinson
|
0-0: Ball 1-0: Fly out, F4 (Line Drive, 34)
|
Batting: RHB Larry Davis
|
0-0: Fly out, F9 (Line Drive, 89S)
|
Batting: LHB Marcus Spencer
|
0-0: Ball 1-0: Ball 2-0: Ball 3-0: Fly out, F6 (Popup, 5D)
|
Bottom of the 4th over - 0 run(s), 1 hit(s), 0 error(s), 2 left on base; Xavier 3 - Iowa 1 |
TOP OF THE 5TH |
Xavier Musketeers batting - Pitching for Iowa Hawkeyes : LHP Leonardo Canó
|
Batting: LHB Luis Martínez
|
0-0: Swinging Strike 0-1: Ball 1-1: Swinging Strike 1-2: Foul Ball, location: 2F 1-2: Strikes out swinging
|
Batting: RHB Jeff Lawrence
|
0-0: Called Strike 0-1: Called Strike 0-2: Ball 1-2: Ball 2-2: Ball 3-2: Strikes out swinging
|
Batting: LHB Pancho Robles
|
0-0: Called Strike 0-1: Foul Ball, location: 2F 0-2: Ball 1-2: Foul Ball, location: 2F 1-2: Strikes out looking
|
Top of the 5th over - 0 run(s), 0 hit(s), 0 error(s), 0 left on base; Xavier 3 - Iowa 1 |
BOTTOM OF THE 5TH |
Iowa Hawkeyes batting - Pitching for Xavier Musketeers : RHP Garrett Bell
|
Batting: LHB Jesús Torres
|
0-0: SINGLE (Groundball, 4MD)
|
Batting: RHB Chris Boner
|
0-0: DOUBLE (Flyball, 8LM) Jesús Torres to third
|
Batting: LHB Al Cramer
|
0-0: Ball 1-0: Called Strike 1-1: Ball 2-1: Fly out, F7 (Line Drive, 7) Runner from 3rd tags up, SCORES, throw made
|
Batting: RHB Stephen Spence
|
0-0: Foul Ball, location: 2F 0-1: Ground out 6-3 (Groundball, 6M) Chris Boner to third
|
Batting: RHB Jim Jones
|
0-0: Ball 1-0: 2-RUN HOME RUN (Flyball, 9LD), Distance : 333 ft
|
Batting: RHB Pedro Cuevas
|
0-0: Called Strike 0-1: Ball 1-1: Fly out, F9 (Flyball, 9)
|
Bottom of the 5th over - 3 run(s), 3 hit(s), 0 error(s), 0 left on base; Xavier 3 - Iowa 4 |
TOP OF THE 6TH |
Xavier Musketeers batting - Pitching for Iowa Hawkeyes : LHP Leonardo Canó
|
Batting: RHB Les Rupp
|
0-0: Ground out 5-3 (Groundball, 56)
|
Batting: LHB Bobby Meegan
|
0-0: Called Strike 0-1: Fly out, F7 (Flyball, 7LM)
|
Batting: RHB Bobby Doyle
|
0-0: Called Strike 0-1: Foul Ball, location: 2F 0-2: Foul Ball, location: 2F 0-2: Strikes out swinging
|
Top of the 6th over - 0 run(s), 0 hit(s), 0 error(s), 0 left on base; Xavier 3 - Iowa 4 |
BOTTOM OF THE 6TH |
Iowa Hawkeyes batting - Pitching for Xavier Musketeers : RHP Garrett Bell
|
Batting: LHB Jim Hutchinson
|
0-0: Swinging Strike 0-1: Ball 1-1: Fly out, F6 (Flyball, 56D)
|
Pitching: RHP Bob Dixon
|
|
Batting: RHB Larry Davis
|
0-0: Called Strike 0-1: Fly out, F8 (Flyball, 8LS)
|
Batting: LHB Marcus Spencer
|
0-0: Foul Ball, location: 2F 0-1: Ball 1-1: Ball 2-1: Swinging Strike 2-2: Ball 3-2: Strikes out looking
|
Bottom of the 6th over - 0 run(s), 0 hit(s), 0 error(s), 0 left on base; Xavier 3 - Iowa 4 |
TOP OF THE 7TH |
Xavier Musketeers batting - Pitching for Iowa Hawkeyes : LHP Leonardo Canó
|
Batting: LHB Jim Hall
|
0-0: Called Strike 0-1: Ball 1-1: Foul Ball, location: 2F 1-2: Foul Ball, location: 2F 1-2: Strikes out swinging
|
Batting: RHB Florentino López
|
0-0: Foul Ball, location: 2F 0-1: Ball 1-1: Foul Ball, location: 2F 1-2: Strikes out looking
|
Batting: LHB Freddy Torres
|
0-0: Ball 1-0: Ball 2-0: Ball 3-0: Called Strike 3-1: Foul Ball, location: 2F 3-2: Strikes out swinging
|
Top of the 7th over - 0 run(s), 0 hit(s), 0 error(s), 0 left on base; Xavier 3 - Iowa 4 |
BOTTOM OF THE 7TH |
Iowa Hawkeyes batting - Pitching for Xavier Musketeers : RHP Bob Dixon
|
Batting: LHB Jesús Torres
|
0-0: Ground out 4-3 (Groundball, 4)
|
Batting: RHB Chris Boner
|
0-0: Ball 1-0: Ball 2-0: Ball 3-0: Base on Balls
|
Batting: LHB Al Cramer
|
0-0: Ball 1-0: Ball Chris Boner steals 2nd base 2-0: 2-RUN HOME RUN (Flyball, 9D), Distance : 343 ft
|
Pitching: RHP Ricardo Marino
|
|
Batting: RHB Stephen Spence
|
0-0: SOLO HOME RUN (Flyball, 8LXD), Distance : 407 ft
|
Batting: RHB Jim Jones
|
0-0: Fly out, F3 (Popup, 3L)
|
Batting: RHB Pedro Cuevas
|
0-0: Swinging Strike 0-1: Ball 1-1: Fly out, F9 (Flyball, 9S)
|
Bottom of the 7th over - 3 run(s), 2 hit(s), 0 error(s), 0 left on base; Xavier 3 - Iowa 7 |
TOP OF THE 8TH |
Xavier Musketeers batting - Pitching for Iowa Hawkeyes : LHP Leonardo Canó
|
Pitching: RHP Dave Brooks
|
|
Batting: LHB Luis Martínez
|
0-0: Called Strike 0-1: Ball 1-1: Ball 2-1: SOLO HOME RUN (Flyball, 89XD), Distance : 374 ft
|
Batting: RHB Jeff Lawrence
|
0-0: Ball 1-0: DOUBLE (Flyball, 8LXD)
|
Pitching: LHP Brody Sellers
|
|
Batting: LHB Pancho Robles
|
0-0: Called Strike 0-1: Ball 1-1: Called Strike 1-2: Ball 2-2: Strikes out swinging
|
Pitching: RHP Pedro Castillo
|
|
Batting: RHB Les Rupp
|
0-0: Foul Ball, location: 2F 0-1: Ball 1-1: Ball 2-1: Ground out 6-3 (Groundball, 6)
|
Pitching: LHP Max Bridges
|
|
Batting: LHB Bobby Meegan
|
0-0: Ball 1-0: Called Strike 1-1: Ball 2-1: Called Strike 2-2: Ground out 6-3 (Groundball, 56D)
|
Top of the 8th over - 1 run(s), 2 hit(s), 0 error(s), 1 left on base; Xavier 4 - Iowa 7 |
BOTTOM OF THE 8TH |
Iowa Hawkeyes batting - Pitching for Xavier Musketeers : RHP Ricardo Marino
|
Batting: LHB Jim Hutchinson
|
0-0: Foul Ball, location: 2F 0-1: Foul Ball, location: 2F 0-2: Ball 1-2: Foul Ball, location: 2F 1-2: Ball 2-2: Ground out U3 (Groundball, 3)
|
Batting: RHB Larry Davis
|
0-0: Ball 1-0: Foul Ball, location: 2F 1-1: Ball 2-1: Called Strike 2-2: Fly out, F9 (Flyball, 9S)
|
Batting: LHB Marcus Spencer
|
0-0: Called Strike 0-1: Fly out, F9 (Flyball, 89D)
|
Bottom of the 8th over - 0 run(s), 0 hit(s), 0 error(s), 0 left on base; Xavier 4 - Iowa 7 |
TOP OF THE 9TH |
Xavier Musketeers batting - Pitching for Iowa Hawkeyes : LHP Max Bridges
|
Pitching: RHP Ryan Berry
|
|
Now at C: Rick Suárez
|
|
Batting: RHB Bobby Doyle
|
0-0: Ball 1-0: Ball 2-0: Called Strike 2-1: Ball 3-1: Base on Balls
|
Batting: LHB Jim Hall
|
0-0: Ball 1-0: Called Strike 1-1: Ball 2-1: Foul Ball, location: 2F 2-2: Ball 3-2: Foul Ball, location: 2F 3-2: SINGLE (Line Drive, 9LM) Bobby Doyle to second
|
Batting: RHB Florentino López
|
0-0: Called Strike 0-1: Ball 1-1: Called Strike 1-2: Ball 2-2: Fly out, F4 (Line Drive, 4M)
|
Batting: LHB Freddy Torres
|
0-0: Swinging Strike 0-1: Grounds into double play, 4-6-3 (Groundball, 4)
|
Top of the 9th over - 0 run(s), 1 hit(s), 0 error(s), 1 left on base; Xavier 4 - Iowa 7 |
|